 Dungeon Crawl Stone Soup version 0.25-a0-302-g9f758675c1 (webtiles) character file.

Game seed: 10276681142419419139, levelgen mode: deterministic

155 Multipenetrator the Firebug (level 5, -2/28 HPs)
             Began as a Tengu Fire Elementalist on Dec 20, 2019.
             Slain by Sigmund
             ... wielding a +0 scythe
              (4 damage)
             ... on level 2 of the Dungeon.
             The game lasted 00:23:57 (2213 turns).

Multipenetrator the Firebug (TeFE)                  Turns: 2213, Time: 00:23:58

Health: -2/28      AC:  3    Str:  6 (9)  XL:     5   Next: 37%
Magic:  8/9        EV: 14    Int: 13 (16) God:
Gold:   183        SH:  0    Dex: 13 (14) Spells: 7/8 levels left

rFire    + . .     SeeInvis .   t - +3 dagger
rCold    + + .     Gourm    .   (no shield)
rNeg     . . .     Faith    .   p - +0 leather armour
rPois    +         Spirit   .   (helmet restricted)
rElec    +         Reflect  .   (no cloak)
rCorr    +         Harm     .   (no gloves)
MR       .....                  (boots unavailable)
Stlth    +.........             n - amulet of regeneration
HPRegen  0.49/turn              q - ring of protection from cold
MPRegen  0.11/turn              (no ring)

@: confused, resistant, flying quickly and evasively, quick
A: beak, talons 3, able to fly
a: Stop Flying


You were on level 2 of the Dungeon.
You were not hungry.

You visited 1 branch of the dungeon, and saw 3 of its levels.

You collected 183 gold pieces.

Inventory:

Hand Weapons
 t - a +3 dagger (weapon)
Missiles
 l - 7 boomerangs (quivered)
Armour
 a - a +0 robe
 p - a +0 leather armour (worn)
Jewellery
 n - an amulet of regeneration (around neck)
 q - a ring of protection from cold (left hand)
Wands
 i - a wand of acid (10)
Scrolls
 b - a scroll of enchant weapon
 d - a scroll of amnesia {unknown}
 f - a scroll of immolation {unknown}
 g - a scroll of remove curse
 h - 2 scrolls of identify {unknown}
 k - a scroll of noise {unknown}
 m - a scroll of enchant armour {unknown}
 r - a scroll of teleportation {unknown}
Potions
 e - 2 potions of curing {unknown}
 j - a potion of agility {unknown}
 s - a potion of degeneration
 u - a potion of resistance
Comestibles
 c - 3 rations
 o - 2 chunks of flesh


   Skills:
 + Level 1.4 Throwing
 * Level 1.7 Armour
 + Level 2.4 Dodging
 + Level 3.1 Stealth
 * Level 2.4 Spellcasting
 * Level 2.7 Conjurations
 * Level 4.2 Fire Magic


You had 7 spell levels left.
You knew the following spells:

 Your Spells              Type           Power        Failure   Level  Hunger
a - Foxfire               Conj/Fire      ##..         9%          1    #......

Your spell library contained the following spells:

 Spells                   Type           Power        Failure   Level  Hunger
 Conjure Flame            Conj/Fire      ##......     26%         3    ###....
 Inner Flame              Hex/Fire       #.......     43%         3    ###....
 Sticky Flame             Conj/Fire      ##......     65%         4    #####..
 Fireball                 Conj/Fire      ##........   94%         5    ######.


Dungeon Overview and Level Annotations

Branches:
Dungeon (3/15)

Altars:
Dithmenos

Annotations:
D:2 Sigmund, Terence


Innate Abilities, Weirdness & Mutations

You have a beak for a mouth.
You have claws for feet.
You can fly continuously.


Message History

You conjure some foxfire!
Sigmund casts a spell at you.
You are confused.
You bump into the rock wall.
The foxfire hits the rat.
You kill the rat!
The foxfire hits Sigmund.
Sigmund is moderately wounded.
Sigmund hits you from afar with a +0 scythe!
* * * LOW HITPOINT WARNING * * *
You bump into the rock wall.
Sigmund misses you.
You bump into the rock wall.
It was a potion of degeneration.
There was something very wrong with that liquid.
You feel weakened.
You feel dopey.
You feel clumsy.
Sigmund hits you from afar with a +0 scythe!
* * * LOW HITPOINT WARNING * * *
It was a potion of resistance.
You feel protected.
Sigmund hits you from afar with a +0 scythe.
You die...

#.# #..............#
#.#
#.#####..........###.#
#.# #...........####.#
.# #.# ######......#
#.# .# #.# # #..##..#
#.# .# #.# # #..##..#
#.###.# #.# # #..##..#
#..@..# #.#
######..##..#####.##.#
#.#
....)...##......Q.##.#
#.#
######.####.####†.##.#
#.######
#.####.####..##.#
#.......
#.##§§§.........#
#..#####
#....§.####..##?# #..#
#.#....####..##.# #..#
## #.#######....##.#
#..# #. #.# #.##.##.#
#..# #. #.#####
#.##.##.# #..# #.


You could see Sigmund.

Vanquished Creatures
  An orc priest (D:3)
  Jessica (D:3)
  4 adders (D:3)
  An ooze (D:2)
  4 worms
  2 leopard geckos
  3 orcs (D:3)
  A ball python (D:2)
  4 giant cockroaches
  3 goblins
  3 hobgoblins
  3 jackals (D:2)
  3 kobolds
  A quokka (D:3)
  4 bats
  7 frilled lizards (D:1)
  4 rats
49 creatures vanquished.

Vanquished Creatures (others)
  110 foxfires
110 creatures vanquished.

Grand Total: 159 creatures vanquished

Notes
Turn   | Place    | Note
-------+----------+-------------------------------------------
     0 | D:1      | Multipenetrator the Tengu Fire Elementalist began the quest
                  | for the Orb.
     0 | D:1      | Reached XP level 1. HP: 10/10 MP: 4/4
   185 | D:1      | Reached XP level 2. HP: 15/15 MP: 3/6
   654 | D:2      | Noticed Sigmund
   683 | D:2      | Found a shadowy altar of Dithmenos.
   699 | D:2      | Reached skill level 4 in Fire Magic
   793 | D:2      | Reached XP level 3. HP: 19/19 MP: 5/7
  1017 | D:2      | Noticed Terence
  1406 | D:3      | Reached skill level 1 in Armour
  1406 | D:3      | Reached XP level 4. HP: 6/24 MP: 3/8
  1688 | D:3      | Noticed Jessica
  1701 | D:3      | Killed Jessica
  1782 | D:3      | Gained mutation: You can fly continuously. [Tengu growth]
  1782 | D:3      | Reached XP level 5. HP: 28/28 MP: 9/9
  1993 | D:3      | Reached skill level 1 in Throwing
  2213 | D:2      | Slain by Sigmund

Levels and vault maps discovered:
D:1:      dpeg_arrival_three_same_balls, layout_rooms, minmay_lizard_king
D:2:      layout_loops_ring, grunt_dithmenos_smoke, uniq_terence, uniq_sigmund
D:3:      layout_rooms, st_stairs_3, uniq_jessica

Skill      XL: |  1  2  3  4  5 |
---------------+----------------+-----
Fire Magic     | 4 |  4.2
Armour         | 1 |  1.7
Conjurations   | 2 |  2.7
Stealth        | 3 |  3.1
Throwing       | 1 |  1.4
Dodging        | |  2.4
Spellcasting   | |  2.4

Action                   |  1- 3 |  4- 6 || total
-------------------------+-------+-------++-------
Melee: Dagger            |     2 |    10 ||    12
       Kick              |       |     1 ||     1
       Peck              |       |     1 ||     1
Throw: Boomerang         |    17 |    39 ||    56
 Cast: Foxfire           |    48 |    15 ||    63
 Abil: Fly               |       |     1 ||     1
  Use: Scroll            |       |     3 ||     3
       Potion            |       |     2 ||     2
 Stab: Sleeping          |       |     3 ||     3
  Eat: Chunk             |     2 |     3 ||     5
Armor: Robe              |     3 |     1 ||     4
Dodge: Dodged            |    20 |     5 ||    25

Table legend:
 A = Non-vault XP
 B = Vault XP
 C = Vault XP percentage of total XP
 D = Non-vault monster count
 E = Vault monster count
 F = Vault count percentage of total count
                 A         B        C        D         E       F
            +---------+---------+-------+---------+---------+-------
      Total |     172 |      50 |  22.5 |      39 |      10 |  20.4
            +---------+---------+-------+---------+---------+-------
        D:1 |      11 |       9 |  45.0 |       7 |       7 |  50.0
        D:2 |      29 |       0 |   0.0 |      12 |       0 |   0.0
        D:3 |     132 |      41 |  23.7 |      20 |       3 |  13.0
            +---------+---------+-------+---------+---------+-------
